 Dungeon Crawl Stone Soup version 0.21.1-1-g345015fe64 (webtiles) character file.

105 Sainar the Grave Robber (level 4, -4/30 HPs)
             Began as a Mummy Necromancer on Feb 18, 2018.
             Slain by BrokenGlass's ghost (7 damage)
             ... on level 3 of the Dungeon.
             The game lasted 00:14:14 (3259 turns).

Sainar the Grave Robber (Mummy Necromancer)         Turns: 3259, Time: 00:14:15

Health: -4/30      AC:  4    Str: 11    XL:     4   Next: 54%
Magic:  5/10       EV: 12    Int: 15    God:
Gold:   106        SH:  0    Dex: 12    Spells: 7/11 levels left

rFire    x . .     SeeInvis .   (no weapon)
rCold    + + .     Gourm    .   (no shield)
rNeg     + + +     Faith    .   f - +1 leather armour (curse)
rPois    ∞         Spirit   .   (no helmet)
rElec    .         Reflect  .   (no cloak)
rCorr    .         Harm     .   (no gloves)
MR       .....                  (no boots)
Stlth    ++........             (no amulet)
HPRegen  0.10/turn              e - ring of protection from cold
MPRegen  0.12/turn              h - ring of positive energy

@: very slightly contaminated
A: no food or potions, fire vulnerability, cold resistance 1, negative energy
resistance 3, torment resistance, unbreathing
a: no special abilities


You were on level 3 of the Dungeon.
You were not hungry.

You visited 1 branch of the dungeon, and saw 3 of its levels.

You collected 106 gold pieces.

Inventory:

Armour
 a - a +0 robe
 f - a cursed +1 leather armour (worn)
Jewellery
 e - a ring of protection from cold (left hand)
 h - a ring of positive energy (right hand)
Scrolls
 c - 2 scrolls of identify
 d - a scroll of remove curse
 g - a scroll of teleportation {unknown}
Books
 b - a book of Necromancy

   Spells                             Type                      Level
   a - Pain                           Necromancy                   1
   b - Animate Skeleton               Necromancy                   1
   c - Vampiric Draining              Necromancy                   3
   d - Regeneration                   Charms/Necromancy            3
   e - Animate Dead                   Necromancy                   4
   f - Borgnjor's Vile Clutch         Necromancy/Earth             5


   Skills:
 + Level 1.9 Dodging
 + Level 1.9 Stealth
 + Level 4.1 Spellcasting
 + Level 5.1 Necromancy


You had 7 spell levels left.
You knew the following spells:

 Your Spells              Type           Power        Failure   Level  Hunger
a - Pain                  Necr           ###.         2%          1    N/A
b - Vampiric Draining     Necr           ###.......   9%          3    N/A

Dungeon Overview and Level Annotations

Branches:
Dungeon (3/15)

Altars:
Fedhas
Gozag
Okawaru
Trog

Annotations:
D:3 BrokenGlass's ghost, amateur OpFi


Innate Abilities, Weirdness & Mutations

You do not eat or drink.
Your flesh is vulnerable to fire.
You are immune to poison.
Your flesh is cold resistant. (rC+)
You are immune to negative energy. (rN+++)
You are immune to unholy pain and torment.
You can survive without breathing.


Message History

BrokenGlass's ghost is lightly damaged.
BrokenGlass's ghost barely misses you.
Casting: Pain
Confirm with . or Enter, or press ? or * to list all spells.
Aiming: Pain
Press: ? - help, Shift-Dir - straight line, f/p - BrokenGlass's ghost
Aim: BrokenGlass's ghost (lightly damaged, not susceptible) BrokenGlass's ghost is unaffected.
BrokenGlass's ghost barely misses you.
Casting: Pain
Confirm with . or Enter, or press ? or * to list all spells.
You don't know that spell.
Casting: Pain
Confirm with . or Enter, or press ? or * to list all spells.
Aiming: Pain
Press: ? - help, Shift-Dir - straight line, f/p - BrokenGlass's ghost
Aim: BrokenGlass's ghost (lightly damaged, not susceptible) BrokenGlass's ghost is unaffected.
BrokenGlass's ghost screams, "You will never get the ORB!"
BrokenGlass's ghost hits you!
You die...

.# #.##.##.##^####.## #.# .#
#.##.##.##.# #.# #.# .#
#..........####.# #.# .#
#.##.##.####....# #.# .#
#......!(..#.#### #.# .#
#.......##.#.# #.# .#
##.#.#####.#.# #.#
.##########.#.#####.#.#######.#
..............#.@W............#
###########.....###.#.######..#
# #.........#.# #..# #
#..####..>#.# ##..### # #..#
#...#.# #...... # #..# #..>#.#
##...... # #..# #.#.#.#
##....... #
#..####.#.#.###.#...... #
#.........#.##.##......


You could see BrokenGlass's ghost.

Vanquished Creatures
  5 adders
  2 worms
  A dart slug (D:1)
  2 leopard geckos
  An orc (D:3)
  A ball python (D:2)
  3 giant cockroaches
  10 hobgoblins
  4 jackals (D:2)
  A quokka (D:3)
  3 bats
  3 frilled lizards
  5 goblins
  2 kobolds
  5 rats
48 creatures vanquished.

Notes
Turn   | Place    | Note
-------+----------+-------------------------------------------
     0 | D:1      | Sainar the Mummy Necromancer began the quest for the Orb.
     0 | D:1      | Reached XP level 1. HP: 13/13 MP: 4/4
   407 | D:1      | Reached XP level 2. HP: 19/19 MP: 2/5
  1100 | D:2      | Reached XP level 3. HP: 24/24 MP: 1/7
  1408 | D:2      | Found an iron altar of Okawaru.
  2340 | D:2      | Learned a level 3 spell: Vampiric Draining
  2494 | D:3      | Reached skill level 5 in Necromancy
  2494 | D:3      | Reached XP level 4. HP: 27/30 MP: 3/9
  2674 | D:3      | Found an opulent altar of Gozag.
  2693 | D:3      | Found a bloodstained altar of Trog.
  2763 | D:3      | Found a blossoming altar of Fedhas.
  3168 | D:3      | Noticed BrokenGlass's ghost (amateur OpFi)
  3259 | D:3      | Slain by BrokenGlass's ghost

Skill      XL: |  1  2  3  4 |
---------------+-------------+-----
Spellcasting   | 3 4 |  4.1
Necromancy     | 5 |  5.1
Dodging        | |  1.9
Stealth        | |  1.9

Action                   |  1- 3 |  4- 6 || total
-------------------------+-------+-------++-------
Melee: Unarmed           |     6 |     2 ||     8
 Cast: Pain              |    82 |    40 ||   122
  Use: Scroll            |     1 |     2 ||     3
Armor: Robe              |     7 |       ||     7
       Leather armour    |       |     4 ||     4
Dodge: Dodged            |    26 |     7 ||    33
